Map: Overgrown Facility

Players

Stix

  • Race: Zerg Zerg
  • League: Master
  • Spawn Location: 1:00

Chabster

  • Race: Protoss Protoss
  • League: Master
  • Spawn Location: 3:00

LOADBLASTER - Winner!

  • Race: Terran Terran
  • League: Grandmaster
  • Spawn Location: 7:00

PureLegacy - Winner!

  • Race: Terran Terran
  • Spawn Location: 9:00

VOD

Have the link to the VOD?

Description

Time

  • Played on: Dec. 1, 2018, 3:11 p.m.
  • Length: 13:25
Show
View Real Time Build Order
Export as new Build Order

Stix Zerg 

Build Orders: Hatch First, Roach Hydra 

Get SALT Encoding   

  12  0:01  Drone  
  13  0:12  Overlord  
  13  0:18  Drone  
  14  0:31  Drone x2  
  16  0:38  Drone  
  17  0:55  Hatchery  
  16  0:57  Drone  
  16  0:59  Drone  
  18  1:12  Extractor  
  18  1:15  Spawning Pool  
  16  1:18  Drone  
  16  1:21  Drone  
  18  1:28  Drone  
  19  1:39  Overlord  
  19  1:50  Drone  
  20  2:02  Queen  
  20  2:06  Queen  
  20  2:07  Drone  
  20  2:08  Zergling x2  
  26  2:12  Zergling x2  
  27  2:28  Drone x2  
  29  2:34  Drone  
  29  2:37  Overlord  
  30  2:47  Drone  
  30  2:49  Lair  
  31  2:52  Drone, Hatchery  
  31  2:54  Drone  
  32  3:03  Roach Warren  
  31  3:06  Drone  
  32  3:13  Drone  
  32  3:14  Drone x3  
  32  3:17  Drone  
  37  3:29  Drone x5  
  42  3:34  Overlord, Extractor  
  41  3:46  Extractor  
  41  3:47  Drone x2  
  43  3:48  Drone  
  43  3:49  Overlord  
  43  3:52  Overlord, Glial Reconstitution  
  43  4:01  Roach  
  43  4:02  Roach x2  
  49  4:06  Roach  
  49  4:07  Roach  
  53  4:10  Roach  
  53  4:13  Roach  
  53  4:16  Roach  
  59  4:21  Roach  
  59  4:22  Roach  
  63  4:26  Roach  
  63  4:28  Roach  
  67  4:33  Drone x2, Overlord  
  69  4:41  Roach  
  69  4:42  Roach  
  73  4:50  Overlord  
  71  4:55  Roach x4  
  79  5:00  Overlord  
  79  5:05  Drone x3  
  79  5:06  Overlord  
  82  5:07  Extractor  
  81  5:18  Ravager x2  
  81  5:19  Ravager  
  81  5:20  Drone x2  
  81  5:21  Drone  
  87  5:22  Queen  
  87  5:26  Spore Crawler x2  
  87  5:27  Overseer  
  76  5:50  Roach x8  
  76  6:22  Roach  
  76  6:23  Roach x7  
  80  6:47  Drone  
  80  6:48  Drone x6  
  80  6:50  Spore Crawler  
  80  6:53  Hydralisk Den  
  85  6:57  Roach  
  85  6:58  Roach  
  91  7:01  Roach  
  91  7:09  Overlord x2  
  91  7:10  Drone  
  91  7:14  Overlord, Evolution Chamber  
  91  7:17  Overseer  
  91  7:20  Roach  
  91  7:21  Roach x2  
  97  7:25  Overseer  
  97  7:28  Roach x5  
  97  7:29  Roach x2  
  111  7:32  Overlord x2  
  111  7:49  Drone x2  
  111  7:50  Drone x3  
  116  7:51  Muscular Augments  
  114  8:04  Overlord  
  114  8:07  Zerg Missile Weapons Level 1  
  114  8:08  Drone x5  
  114  8:10  Hydralisk  
  114  8:11  Hydralisk x3, Extractor  
  114  8:12  Extractor  
  125  8:16  Overlord  
  125  8:17  Overseer  
  125  8:22  Hydralisk  
  125  8:23  Hydralisk x3  
  125  8:25  Overlord  
  101  8:48  Hydralisk  
  101  8:49  Hydralisk x6  
  115  8:59  Drone x4  
  119  9:02  Grooved Spines  
  119  9:09  Infestation Pit  
  114  9:19  Hydralisk x3  
  114  9:20  Hydralisk, Roach x4  
  128  9:25  Hatchery  
  127  9:32  Roach  
  127  9:33  Roach x5  
  139  9:43  Spore Crawler  
  138  10:00  Overlord  
  138  10:01  Overlord x2  
  138  10:04  Zerg Missile Weapons Level 2  
  138  10:13  Hive  
  136  10:15  Overlord x2  
  136  10:17  Overlord, Evolution Chamber, Pneumatized Carapace  
  135  10:38  Drone x8  
  135  10:39  Drone x2  
  135  10:40  Drone x4, Overlord x4  
  149  10:48  Zerg Ground Armor Level 1  
  149  10:51  Spore Crawler  
  148  10:57  Hydralisk x2  
  148  10:58  Roach x3  
  158  11:11  Hydralisk x2, Roach  
  148  11:12  Roach x3  
  152  11:29  Hydralisk x2  
  152  11:30  Hydralisk x3, Roach x4  
  103  11:37  Roach  
  89  11:46  Hydralisk x4  
  89  11:47  Hydralisk  
  90  11:50  Drone  
  90  11:51  Drone  
  90  11:52  Drone  
  90  11:53  Drone  
  96  12:11  Hydralisk x2, Roach  
  96  12:12  Roach x2  
Show
View Real Time Build Order
Export as new Build Order

Chabster Protoss 

Build Orders: Blink Stalkers, Dark Templar Rush 

Get SALT Encoding   

  12  0:01  Probe  
  13  0:13  Probe  
  14  0:19  Pylon  
  14  0:25  Probe  
  15  0:33  Probe  
  15  0:41  Gateway, Probe  
  17  0:50  Assimilator  
  17  0:52  Probe  
  18  0:57  Assimilator  
  18  1:00  Probe  
  19  1:08  Probe  
  19  1:14  Gateway  
  19  1:18  Probe  
  21  1:29  Cybernetics Core  
  22  1:32  Probe  
  22  1:41  Pylon  
  22  1:44  Probe  
  23  1:57  Warp Gate  
  24  2:05  Stalker x2  
  28  2:14  Twilight Council  
  27  2:25  Gateway  
  27  2:28  Probe  
  28  2:36  Stalker  
  30  2:55  Pylon  
  30  3:01  Blink  
  30  3:08  Pylon  
  30  3:13  Stalker  
  30  3:16  Probe  
  33  3:24  Stalker  
  35  3:31  Dark Shrine  
  35  3:54  Pylon  
  35  4:02  Stalker x3  
  41  4:13  Pylon  
  41  4:33  Stalker  
  41  4:34  Stalker x2  
  43  4:57  Dark Templar  
  45  5:11  Dark Templar  
  47  5:20  Nexus  
  29  6:16  Probe  
  28  6:24  Stalker x2  
  30  6:29  Probe  
  31  6:41  Probe  
  26  6:54  Probe  
  26  6:56  Stalker x2  
  29  7:03  Probe  
  26  7:11  Probe  
  27  7:22  Stalker  
  29  7:30  Stalker  
  31  8:00  Stalker  
  31  8:03  Stalker x2  
  32  8:08  Probe  
  33  8:16  Probe  
  33  8:24  Probe  
  35  8:37  Stalker x3  
  41  9:07  Nexus  
  41  9:11  Stargate  
  41  9:17  Probe  
  40  9:43  Probe  
  41  10:03  Robotics Facility  
  41  10:08  Probe  
  41  10:12  Nexus  
  42  10:22  Fleet Beacon  
  42  10:39  Probe  
  42  10:41  Stargate  
  43  10:45  Probe  
  44  10:51  Probe  
  44  10:55  Tempest  
  45  11:07  Probe  
  45  11:08  Probe  
  52  11:19  Probe  
  52  11:20  Probe  
  54  11:26  Tempest x2  
  50  11:41  Probe  
  50  11:42  Probe  
  50  11:44  Assimilator  
  50  11:45  Assimilator  
  50  11:46  Pylon  
  52  11:56  Probe  
  53  12:02  Probe, Pylon  
  53  12:03  Probe  
  53  12:06  Tempest  
  53  12:07  Tempest  
  65  12:38  Tempest  
  65  12:43  Dark Templar  
  65  12:44  Dark Templar x2  
  69  12:47  Probe x2  
  69  12:49  Pylon  
  69  12:50  Probe  
  69  12:51  Assimilator  
  84  12:52  Assimilator  
  73  13:17  Dark Templar x3  
Show
View Real Time Build Order
Export as new Build Order

LOADBLASTER Terran - Winner!

Build Orders: Mech, Banshee Rush 

Get SALT Encoding   

  12  0:00  SCV  
  13  0:13  SCV  
  14  0:18  Supply Depot  
  14  0:25  SCV  
  15  0:40  SCV  
  15  0:41  Barracks  
  16  0:45  Refinery  
  16  0:52  SCV  
  17  1:04  SCV  
  18  1:16  SCV  
  19  1:28  Marine, Orbital Command  
  20  1:44  Command Center  
  20  1:55  Factory  
  20  1:59  SCV  
  21  2:04  Barracks Reactor  
  21  2:12  Supply Depot, SCV  
  22  2:17  Refinery  
  22  2:24  SCV  
  23  2:36  SCV  
  24  2:41  Marine x2  
  24  2:42  Widow Mine  
  28  2:47  Starport  
  27  2:52  SCV  
  28  2:59  Marine x2  
  28  3:00  Orbital Command  
  28  3:04  SCV  
  31  3:11  Factory Tech Lab  
  31  3:17  Marine x2  
  31  3:18  SCV  
  36  3:27  SCV  
  36  3:30  Starport Tech Lab  
  36  3:31  Siege Tank  
  36  3:32  SCV  
  39  3:35  Supply Depot  
  39  3:38  Marine  
  39  3:39  SCV  
  39  3:40  Marine  
  42  3:44  SCV  
  43  3:49  Cloaking Field  
  43  3:51  SCV  
  44  3:56  SCV, Banshee  
  44  3:58  Supply Depot  
  50  4:03  SCV  
  50  4:08  SCV  
  52  4:15  Armory  
  51  4:17  Marine x2  
  51  4:20  SCV  
  54  4:30  Command Center  
  54  4:31  SCV  
  54  4:34  Supply Depot  
  54  4:40  Siege Tank  
  57  4:47  Refinery x2, SCV  
  57  4:48  SCV  
  59  4:59  Supply Depot  
  62  5:00  SCV  
  62  5:03  SCV  
  64  5:10  Marine  
  64  5:11  Marine  
  64  5:12  SCV  
  67  5:15  SCV  
  67  5:17  Terran Vehicle Weapons Level 1  
  68  5:24  SCV  
  68  5:28  SCV  
  70  5:30  Engineering Bay  
  70  5:31  Siege Tank  
  70  5:34  Raven, Marine  
  73  5:36  SCV  
  73  5:41  SCV  
  75  5:44  Orbital Command  
  75  5:48  SCV  
  76  5:53  SCV  
  77  6:00  Marine x2, SCV  
  77  6:05  SCV  
  77  6:12  SCV  
  77  6:15  Factory x2  
  77  6:16  Banshee  
  77  6:17  Marine, SCV  
  84  6:24  SCV  
  82  6:30  SCV, Orbital Command  
  82  6:37  SCV  
  83  6:42  SCV  
  83  6:49  SCV  
  83  6:53  Siege Tank  
  87  6:54  SCV  
  87  6:57  SCV  
  87  6:59  Refinery  
  87  7:00  Command Center  
  87  7:01  Refinery, SCV  
  93  7:03  Barracks Reactor  
  91  7:08  SCV  
  91  7:09  SCV  
  91  7:13  SCV  
  90  7:16  Factory  
  90  7:19  Factory  
  90  7:20  SCV  
  90  7:21  SCV  
  92  7:24  Missile Turret  
  92  7:25  SCV  
  92  7:27  Supply Depot x2  
  92  7:29  Siege Tank  
  96  7:34  Siege Tank  
  96  7:36  SCV  
  100  7:37  Liberator  
  100  7:38  Liberator  
  100  7:40  SCV  
  101  7:48  SCV x2  
  103  7:52  SCV  
  110  8:00  SCV  
  110  8:01  Factory Tech Lab, Supply Depot, Siege Tank  
  110  8:02  Factory Reactor, Supply Depot  
  110  8:05  Infernal Pre-Igniter  
  111  8:19  Hellion  
  116  8:29  SCV  
  116  8:33  Hellion, Siege Tank  
  122  8:38  Thor  
  122  8:40  Refinery, Missile Turret, SCV  
  123  8:42  Refinery, Siege Tank  
  123  8:45  SCV  
  126  8:55  Hellion  
  127  9:01  Hellion  
  129  9:03  Planetary Fortress  
  129  9:05  Siege Tank  
  129  9:08  Terran Vehicle Weapons Level 2  
  132  9:11  Viking x2  
  132  9:13  Hellion x2  
  132  9:16  Hellion  
  141  9:19  Hellion  
  141  9:21  Siege Tank  
  146  9:27  Factory  
  146  9:29  Factory  
  146  9:30  Supply Depot, Siege Tank  
  146  9:31  Factory, Supply Depot  
  146  9:42  Hellion  
  148  9:52  Hellion x2, Siege Tank  
  153  9:54  Siege Tank  
  153  9:58  Hellion  
  158  10:02  Siege Tank  
  158  10:03  Sensor Tower, Hellion  
  157  10:08  Sensor Tower  
  157  10:13  Factory Tech Lab x2, Hellion  
  157  10:14  Factory Reactor, Hellion  
  161  10:22  Command Center  
  161  10:24  Supply Depot, Siege Tank  
  161  10:26  Supply Depot  
  164  10:31  Liberator x2  
  164  10:33  Hellion, Siege Tank  
  169  10:36  Sensor Tower, Siege Tank  
  172  10:46  Hellion, Siege Tank x2  
  186  10:54  Missile Turret  
  186  10:55  Missile Turret  
  186  10:56  Hellion  
  188  11:01  Supply Depot  
  188  11:17  Missile Turret  
  188  11:19  Missile Turret  
  188  11:20  Liberator  
  188  11:22  Siege Tank x2  
  188  11:23  Hellion x2  
  188  11:24  Siege Tank  
  188  11:25  Siege Tank, Terran Vehicle And Ship Armor Level 1  
  196  11:26  Hellion  
  196  11:31  Viking  
  186  11:39  Hellion  
  190  11:43  Liberator  
  196  11:56  Mag-Field Accelerator  
  196  12:01  Cyclone x4  
  191  12:04  Sensor Tower  
  200  12:14  Cyclone  
  200  12:15  Hellion x6  
  189  12:23  Planetary Fortress  
  189  12:26  Refinery x2, SCV x2  
  189  12:27  SCV x2  
  187  12:33  Cyclone, Hellion  
  187  12:34  Hellion x2  
  187  12:36  Hellion  
  187  12:37  Hellion  
  186  12:38  SCV  
  181  12:46  Cyclone  
  181  12:50  Hellion x2  
  185  12:55  Hellion  
  191  13:02  Hellion  
Show
View Real Time Build Order
Export as new Build Order

PureLegacy Terran - Winner!

Build Orders: Reaper Expand 

Get SALT Encoding   

  12  0:00  SCV  
  13  0:12  SCV  
  14  0:18  Supply Depot  
  14  0:25  SCV  
  15  0:39  SCV  
  15  0:41  Barracks  
  16  0:48  Refinery  
  16  0:53  SCV  
  17  1:05  SCV  
  18  1:17  SCV  
  19  1:30  Orbital Command  
  19  1:33  Reaper  
  20  1:49  Command Center  
  20  1:58  Supply Depot  
  20  1:59  SCV  
  21  2:12  SCV, Barracks Reactor  
  22  2:18  Barracks  
  22  2:28  Barracks, SCV  
  23  2:40  SCV  
  23  2:43  Supply Depot  
  24  2:50  Marine  
  24  2:51  Marine  
  26  2:55  SCV  
  27  3:00  Bunker  
  27  3:08  Barracks Tech Lab  
  27  3:09  Orbital Command  
  27  3:13  Refinery, Marine x2  
  27  3:18  Marine  
  27  3:19  SCV  
  31  3:30  Marine, Stimpack  
  31  3:31  SCV  
  32  3:35  Bunker  
  32  3:37  SCV  
  33  3:43  SCV  
  33  3:44  Marine x2  
  33  3:46  Marine  
  37  3:49  SCV  
  38  3:56  Factory  
  38  3:58  SCV  
  38  4:01  SCV  
  40  4:05  Engineering Bay  
  40  4:09  Marine x3  
  41  4:10  Marine  
  41  4:13  SCV  
  41  4:16  Bunker  
  45  4:20  SCV  
  46  4:27  Supply Depot  
  46  4:29  Supply Depot  
  46  4:41  Supply Depot  
  46  4:42  Factory Tech Lab  
  46  4:45  Starport  
  46  4:47  Terran Infantry Weapons Level 1  
  46  4:56  Marine x2  
  48  5:00  SCV x2  
  48  5:02  Siege Tank  
  53  5:09  Missile Turret  
  53  5:10  Missile Turret  
  53  5:12  SCV x2, Barracks Reactor  
  55  5:21  Barracks  
  55  5:23  Barracks  
  55  5:24  SCV x2  
  55  5:25  Supply Depot, Starport Reactor  
  51  5:37  SCV  
  51  5:38  SCV  
  46  5:43  Marine x2  
  36  5:56  Siege Tank  
  15  6:16  Marine x4  
  13  6:46  SCV x2  
  12  7:01  SCV x2  
  12  7:07  Marine x3  
  15  7:11  Marine  
  15  7:12  Marine  
  15  7:14  SCV  
  18  7:18  SCV  
  19  7:26  SCV  
  20  7:30  SCV  
  20  7:36  Marine x4  
  20  7:37  Marine  
  25  7:38  SCV  
  25  7:42  SCV  
  28  7:50  SCV  
  29  7:54  SCV  
  28  8:02  SCV  
  28  8:06  SCV  
  29  8:14  SCV  
  29  8:18  SCV  
  29  8:19  Marine x2  
  32  8:20  Marine x3  
  32  8:26  SCV  
  37  8:28  Medivac  
  37  8:30  Medivac, SCV  
  23  8:50  SCV x2  
  23  8:52  Marine  
  23  8:53  Marine x4  
  30  9:03  SCV x2  
  30  9:06  Missile Turret  
  32  9:15  SCV x2  
  34  9:24  Marine  
  34  9:25  Marine x3  
  38  9:41  SCV x2  
  40  9:46  Terran Infantry Armor Level 1  
  40  9:47  Barracks Tech Lab  
  40  9:53  Refinery, Barracks Tech Lab, SCV x2  
  42  10:03  Marine x3  
  42  10:06  SCV  
  46  10:11  SCV  
  47  10:21  SCV, Marauder  
  47  10:22  Supply Depot  
  47  10:23  SCV  
  47  10:24  Marauder  
  53  10:32  Marine  
  54  10:37  Combat Shield  
  54  10:40  Supply Depot  
  54  10:43  SCV x2, Marauder  
  59  10:51  Marauder  
  59  10:53  Marauder  
  59  10:55  Supply Depot, SCV x2  
  56  11:07  SCV x2  
  56  11:11  Refinery x2  
  58  11:12  Barracks  
  58  11:13  Concussive Shells  
  58  11:22  Marine x3  
  58  11:23  Marine x2  
  63  11:31  SCV x2  
  65  11:42  Marauder x2  
  65  11:43  SCV  
  71  11:47  SCV  
  71  11:50  Marauder  
  71  11:53  Supply Depot x2  
  73  11:56  SCV  
  73  11:59  SCV  
  73  12:01  Barracks Reactor  
  75  12:03  Medivac  
  75  12:08  SCV  
  78  12:14  Medivac, Marine x3  
  83  12:19  Supply Depot  
  83  12:20  Marine x2  
  85  12:24  SCV x2  
  87  12:31  Armory  
  87  12:32  Marine x3  
  90  12:38  Marine x2  
  90  12:42  SCV  
  90  12:43  SCV  
  94  12:47  Medivac x2  
  94  12:50  Marine  
  99  12:53  Marine x3  
  102  12:59  Supply Depot, Marine x2  
Tags
 
Add a new tag
Caveats
  • Supply blocks, unpowered buildings, or Contaminate may cause inaccurate times.
  • Supply counts are checked every 10 seconds.